 Dungeon Crawl Stone Soup version 0.27-a0-96-gb51a1d6fd6 (webtiles) character file.

Game seed: 9911742346853498229

135 Trishak the Shield-Bearer (level 4, -5/40 HPs)
             Began as a Minotaur Fighter on Jan 20, 2021.
             Killed by nerve-wracking pain
             ... invoked by Grinder
              (8 damage)
             ... on level 2 of the Dungeon.
             The game lasted 00:10:44 (2416 turns).

Trishak the Shield-Bearer (Minotaur Fighter)        Turns: 2416, Time: 00:10:45

Health: -5/40      AC:  7    Str: 22    XL:     4   Next: 96%
Magic:  3/3        EV:  8    Int:  5    God:
Gold:   106        SH:  9    Dex:  9    Spells: 3/3 levels left

rFire    . . .     SeeInvis .   a - +0 flail
rCold    . . .     Faith    .   c - +0 kite shield
rNeg     . . .     Spirit   .   b - +0 scale mail
rPois    .         Reflect  .   (helmet restricted)
rElec    .         Harm     .   (no cloak)
rCorr    .         Rampage  .   (no gloves)
Will     .....                  (no boots)
Stlth    ..........             (no amulet)
HPRegen  0.13/turn              (no ring)
MPRegen  0.08/turn              (no ring)

@: no status effects
A: retaliatory headbutt, horns 2
a: no special abilities


You were on level 2 of the Dungeon.
You visited 1 branch of the dungeon, and saw 3 of its levels.

You collected 106 gold pieces.

Inventory:

Hand Weapons
 a - a +0 flail (weapon)
 f - a +0 spear
 i - a +0 short sword
Missiles
 k - 38 arrows
Armour
 b - a +0 scale mail (worn)
 c - a +0 kite shield (worn)
Scrolls
 e - a scroll of remove curse
 g - a scroll of magic mapping {unknown}
 h - 2 scrolls of identify {unknown}
 l - a scroll of teleportation {unknown}
 m - 3 scrolls of blinking {unknown}
Potions
 d - a potion of might
 j - a potion of haste {unknown}


   Skills:
 + Level 4.1 Fighting
 + Level 3.7 Maces & Flails
 + Level 4.7 Armour
 + Level 1.0 Dodging
 + Level 4.8 Shields


You had 3 spell levels left.
You didn't know any spells.
Your spell library was empty.

Dungeon Overview and Level Annotations

Branches:
Dungeon (3/15)

Altars:

Annotations:
D:2 Grinder


Innate Abilities, Weirdness & Mutations

You reflexively headbutt those who attack you in melee.
You have a pair of horns on your head.


Message History

Grinder hits you.
* * * LOW HITPOINT WARNING * * *
The bat hits you but does no damage. Grinder hits you.
* * * LOW HITPOINT WARNING * * *
You see here a stone.
The bat hits you but does no damage. You block the bat's attack.
You block the orc's attack.
Grinder says, "At least Makhleb appreciates what I'm doing."
You block Grinder's attack.
There is a stone staircase leading up here.
The bat barely misses you. The bat hits you but does no damage.
The orc barely misses you. You furiously retaliate!
You headbutt the orc. You block Grinder's attack.
You climb upwards.
There is a stone staircase leading down here.
The bat hits you but does no damage. You block the bat's attack.
You block the orc's attack. Grinder gestures at you.
Pain shoots through your body!
You die...

.........##.##.......+........#
.........##.#####.#.##........#
.........+..# #.#.##........#
..##.....########....#........#
#.#...............#############
#.#........######.#
#.#........#....#.##############
#.#.#...#..#.##.#o##...........#
#.#.#...#..#....@o##...........#
#.#.#...........5b.<......)....#
#.#.#.####.....................#
#.#.#.#........................#
......#.###.>.........##########
..#...#.........#######
#.#...#..########
#.#...#..####################
..#................##.......#####


You could see Grinder, 2 orcs and a bat.

Vanquished Creatures
  7 adders (D:2)
  An ooze (D:1)
  3 worms (D:2)
  2 leopard geckos (D:1)
  An orc (D:3)
  A giant cockroach (D:2)
  5 goblins
  8 hobgoblins
  4 jackals (D:1)
  10 kobolds
  7 bats
  A frilled lizard (D:1)
  6 rats
56 creatures vanquished.

Notes
Turn   | Place    | Note
-------+----------+-------------------------------------------
     0 | D:1      | Trishak the Minotaur Fighter began the quest for the Orb.
     0 | D:1      | Reached XP level 1. HP: 19/19 MP: 0/0
   253 | D:1      | Reached XP level 2. HP: 27/27 MP: 1/1
   466 | D:1      | Reached XP level 3. HP: 18/33 MP: 2/2
  1511 | D:2      | Reached XP level 4. HP: 40/40 MP: 3/3
  1956 | D:2      | Reached skill level 1 in Dodging
  2396 | D:3      | Noticed Grinder
  2411 | D:3      | HP: 2/40 [Grinder (3)]
  2416 | D:2      | Killed from afar by Grinder

Illustrated notes

Levels and vault maps discovered:
D:1:      minmay_arrival_pointy, layout_basic
D:2:      layout_basic
D:3:      layout_rooms, nemelex_xobeh_ov_fountains_minmay,
          okawaru_altar_gauntlet_db, uniq_grinder

Skill      XL: |  1  2  3  4 |
---------------+-------------+-----
Shields        | 4 |  4.8
Armour         | 4 |  4.7
Fighting       | 4 |  4.1
Maces & Flails | 3 |  3.7
Dodging        | 1 |  1.0

Action                   |  1- 3 |  4- 6 || total
-------------------------+-------+-------++-------
Melee: Flail             |    90 |    58 ||   148
       Headbutt          |    12 |     9 ||    21
  Use: Scroll            |     1 |       ||     1
Armor: Scale mail        |    53 |    24 ||    77
Dodge: Dodged            |    35 |    23 ||    58
Block: Kite shield       |    58 |    32 ||    90

Table legend: (Time is in decaauts)
 A = Elapsed time spent in this place.
 B = Non-inter-level travel time spent in this place.
 C = Inter-level travel time spent in this place.
 D = Time resting spent in this place.
 E = Time spent auto-exploring this place.
 F = Levels seen in this place.
 G = Mean time per level.
                   A        B        C        D        E       F      G
               +--------+--------+--------+--------+--------+-----+--------+
         Total |   2466 |   2383 |     83 |    192 |   1267 |   3 |  822.0 |
       Dungeon |   2466 |   2383 |     83 |    192 |   1267 |   3 |  822.0 |
               +--------+--------+--------+--------+--------+-----+--------+

Top non-repeatable levels by time:
     D:2: 1288 daAuts
     D:1: 1158 daAuts
     D:3: 20 daAuts
